 Dungeon Crawl Stone Soup version 0.15-a0-39-g424acf8 (webtiles) character file.

229 BestPrincess the Ruinous (level 4, -2/24 HPs)
             Began as a Deep Elf Conjurer on Apr 3, 2014.
             Slain by an orc wizard
             ... wielding a +0,+0 flail
              (7 damage)
             ... on Level 2 of the Dungeon.
             The game lasted 00:15:00 (1733 turns).

BestPrincess the Ruinous (Deep Elf Conjurer)        Turns: 1733, Time: 00:15:00

HP  -2/24        AC  3     Str  5      XL: 4   Next: 92%
MP   2/15        EV 13     Int 21      God:
Gold 97          SH  0     Dex 15      Spells:  2 memorised,  9 levels left

rFire  . . .     SeeInvis .     (no weapon)
rCold  . . .     Clarity  .     a - +0 robe
rNeg   . . .     Conserve .     (no shield)
rPois  .         rCorr    .     (no helmet)
rElec  .         rRot     .     f - +0 cloak
SustAb . .       Spirit   .     (no gloves)
rMut   .         Warding  .     (no boots)
Saprov . . .     Stasis   .     (no amulet)
MR     .....                    (no ring)
                                (no ring)

@: not resistant to hostile enchantments, fairly stealthy
A: no striking features
a: no special abilities


You were on level 2 of the Dungeon.
You were not hungry.

You visited 1 branch of the dungeon, and saw 3 of its levels.

You collected 97 gold pieces.

Inventory:

Armour
 a - a +0 robe (worn)
 f - a +0 cloak (worn)
Comestibles
 b - 3 bread rations
 g - a meat ration
Scrolls
 e - 2 scrolls of teleportation {unknown}
 h - 2 scrolls of blinking {unknown}
 k - a scroll of fear {unknown}
 l - a scroll of remove curse {unknown}
 m - a scroll of identify {unknown}
 o - a scroll of magic mapping {unknown}
 q - a scroll of noise {unknown}
 r - a scroll of enchant weapon II {unknown}
Potions
 d - a potion of lignification {unknown}
 i - 2 potions of agility {unknown}
 j - 2 potions of curing {unknown}
 n - a potion of haste {unknown}
 p - a potion of poison {unknown}
Books
 c - a book of Conjurations

   Spells                             Type                      Level
   *Magic Dart                        Conjuration                  1
   *Searing Ray                       Conjuration                  2
   Dazzling Spray                     Conjuration/Hexes            3
   Fulminant Prism                    Conjuration/Hexes            4
   Iskenderun's Mystic Blast          Conjuration                  4
   Iskenderun's Battlesphere          Conjuration/Charms           5


   Skills:
 - Level 2.4 Dodging
 - Level 2.4 Stealth
 + Level 4.5 Spellcasting
 + Level 6.2 Conjurations


You had 9 spell levels left.
You knew the following spells:

 Your Spells              Type           Power        Failure   Level  Hunger
a - Magic Dart            Conj           ####         1%          1    None
b - Searing Ray           Conj           ####..       1%          2    None


Dungeon Overview and Level Annotations

Branches:
Dungeon (3/15)

Altars:


Message History

You hear some strange, mumbled words.
The puff of flame misses you.
You hear some strange, mumbled words.
You are confused.
Things that are here:
a club; a leather armour; an orc corpse You feel less confused.
The magic dart hits you! The puff of flame hits you!
You barely miss something. Something hits you!
* * * LOW HITPOINT WARNING * * *
Casting: Searing Ray
Confirm with . or Enter, or press ? or * to list all spells.
You can't see any susceptible monsters within range! (Use Z to cast anyway.)
Casting: Searing Ray
Confirm with . or Enter, or press ? or * to list all spells.
Aiming: Searing Ray
Press: ? - help, Shift-Dir - straight line Something hits you!
You die...

#..............##.####.# #.###
#.........##...........####.###
#.............................%
#.........##...........####.###
####......##...........# #....
#............%......# #....
#...................# #....
###............)>...####....
#........@................
#.................########
##.....)..................
#########################


There were no monsters in sight!

Vanquished Creatures
  Crazy Yiuf (D:2)
  4 adders (D:2)
  3 worms (D:2)
  2 giant geckos
  An ooze (D:1)
  4 orcs
  A ball python (D:2)
  3 bats (D:1)
  4 hobgoblins
  3 giant cockroaches
  A giant newt (D:2)
  3 goblins
  4 jackals (D:1)
  3 kobolds
  A quokka (D:2)
  8 rats
46 creatures vanquished.

Notes
Turn   | Place    | Note
--------------------------------------------------------------
     0 | D:1      | BestPrincess, the Deep Elf Conjurer, began the quest for the Orb.
     0 | D:1      | Reached XP level 1. HP: 10/10 MP: 5/5
   235 | D:1      | Reached XP level 2. HP: 13/15 MP: 3/8
   395 | D:1      | Reached skill level 5 in Conjurations
   876 | D:2      | Reached XP level 3. HP: 19/19 MP: 8/11
   880 | D:2      | Learned a level 2 spell: Searing Ray
  1333 | D:2      | Reached XP level 4. HP: 21/24 MP: 8/15
  1497 | D:2      | Noticed Crazy Yiuf
  1502 | D:2      | Killed Crazy Yiuf
  1502 | D:2      | Reached skill level 6 in Conjurations
  1733 | D:2      | Slain by an orc wizard

Action                   |  1- 3 |  4- 6 || total
-------------------------+-------+-------++-------
Melee: Unarmed           |    13 |     1 ||    14
 Cast: Magic Dart        |    81 |    12 ||    93
       Searing Ray       |     4 |     6 ||    10
